 Dungeon Crawl Stone Soup version 0.24-a0-368-g0e0cebd0f3 (webtiles) character file.

Game seed: 16349660152989012989

737 MachJacob the Cutter (level 8, -6/41 HPs)
             Began as a Kobold Enchanter on May 29, 2019.
             Was an Initiate of Yredelemnul.
             Mangled by an ice beast (11 damage)
             ... on level 4 of the Dungeon.
             The game lasted 00:28:09 (6932 turns).

MachJacob the Cutter (Kobold Enchanter)             Turns: 6932, Time: 00:28:10

Health: -6/41      AC:  5    Str:  5    XL:     8   Next: 4%
Magic:  12/12      EV: 15    Int: 17    God:    Yredelemnul [......]
Gold:   195        SH:  0    Dex: 17    Spells: 8/13 levels left

rFire    . . .     SeeInvis .   a - +1 dagger
rCold    . . .     Gourm    .   (shield restricted)
rNeg     . . .     Faith    .   o - +0 leather armour
rPois    .         Spirit   .   f - +0 helmet
rElec    .         Reflect  .   (no cloak)
rCorr    .         Harm     .   i - +0 pair of gloves
MR       .....                  (no boots)
Stlth    +++.......             (no amulet)
HPRegen  0.13/turn              (no ring)
MPRegen  0.13/turn              (no ring)

@: no status effects
A: small, carnivore
a: Renounce Religion


You were on level 4 of the Dungeon.
You worshipped Yredelemnul.
Yredelemnul was noncommittal.
You were completely stuffed.

You visited 2 branches of the dungeon, and saw 6 of its levels.

You collected 195 gold pieces.

Inventory:

Hand Weapons
 a - a +1 dagger (weapon)
 s - a +0 hunting sling
Missiles
 e - 96 stones (quivered)
 w - 33 sling bullets
Armour
 b - a +0 robe
 f - a +0 helmet (worn)
 i - a +0 pair of gloves (worn)
 k - a +0 buckler
 o - a +0 leather armour (worn)
Jewellery
 h - a +5 ring of evasion {unknown}
 l - a cursed ring of attention {unknown}
 t - an uncursed amulet of faith {unknown}
 v - an uncursed ring of see invisible {unknown}
Wands
 q - a wand of paralysis (7)
 u - a wand of disintegration (9)
 x - a wand of enslavement (5)
Scrolls
 c - a scroll of fear
 j - a scroll of fog
 r - a scroll of identify
 y - a scroll of remove curse
 z - a scroll of enchant weapon {unknown}
 A - a scroll of immolation {unknown}
 B - a scroll of enchant armour {unknown}
 D - a scroll of blinking {unknown}
Potions
 g - a potion of magic {unknown}
 m - a potion of ambrosia {unknown}
 n - 3 potions of degeneration
 p - 2 potions of curing {unknown}
Comestibles
 d - 6 rations
 C - a chunk of flesh


   Skills:
 * Level 6.7 Short Blades
 + Level 0.3 Armour
 + Level 3.1 Dodging
 - Level 5.0 Stealth
 + Level 0.8 Shields
 - Level 3.0 Spellcasting
 - Level 5.0 Hexes
 - Level 3.0 Ice Magic


You had 8 spell levels left.
You knew the following spells:

 Your Spells              Type           Power        Failure   Level  Hunger
b - Ensorcelled Hibernat  Hex/Ice        ###...       9%          2    ##.....
c - Tukima's Dance        Hex            ###.....     11%         3    ###....

Your spell library contained the following spells:

 Spells                   Type           Power        Failure   Level  Hunger
 Corona                   Hex            ###....      3%          1    None
 Confuse                  Hex            ###.....     11%         3    ###....
 Dazzling Spray           Conj/Hex       ##....       30%         3    ###....


Dungeon Overview and Level Annotations

Branches:
Dungeon (5/15)             Temple (1/1) D:4

Altars:
Dithmenos
Elyvilon
Fedhas
Hepliaklqana
Kikubaaqudgha
Makhleb
Okawaru
Qazlal
Ru
Sif Muna
Trog
Uskayaw
Vehumet
Xom
Yredelemnul
Zin
The Shining One


Innate Abilities, Weirdness & Mutations

You are small and have problems with some larger weapons.
You are carnivorous and can eat meat at any time.


Message History

Yredelemnul accepts your kill.
You have reached level 8!
Your ice beast looks stronger.
You start resting.
Eating one of 4 chunks of flesh.
You eat one of the 4 chunks of flesh.
This raw flesh tastes great.
Eating one of 3 chunks of flesh.
You eat one of the 3 chunks of flesh.
This raw flesh tastes great.
Eating one of 2 chunks of flesh.
You eat one of the 2 chunks of flesh.
This raw flesh tastes great.
Magic restored.
You start resting.
The ice beast is no longer charmed.
The ice beast hits you. The ice beast freezes you!
* * * LOW HITPOINT WARNING * * *
There is a stone staircase leading down here.
The ice beast hits you.
* * * LOW HITPOINT WARNING * * *
The ice beast freezes you!
You die...
Your body rises from the dead as a mindless zombie.

#........#.#.#.#.....#
#.######..
#...(....#...#.#.....#
#.#.......
#........##.##.###...#
#.#.......
.........##..#.....###
#.#......)
############.#.#####
#W#....... #...รท...# #####
#.#....... #.####..# #...#
#.#....... ##.##
#..###...###.#....... #...#
#..#@'.......#.......
##.#.####.#Y#....####.......
#[....##..#.#....# #.......
*#.#.#....>#.#....####.......
#..#.###)..#..<..###.........
##.##...###...#####*#......###
**#..#........#.......+......#
#...##..>..##...#######......#
#.#........#....# *#......#**


You could see an ice beast.

Vanquished Creatures
  An ogre (D:2)
  A bullfrog (D:5)
  A scorpion (D:5)
  A howler monkey (D:4)
  3 hounds (D:3 D:5)
  Ijyb (D:4)
  An iguana (D:4)
  5 worker ants (D:4 D:5)
  9 adders (D:2 D:3 D:4 D:5)
  2 shadow imps (D:5)
  An ooze (D:5)
  2 adder skeletons (D:4)
  2 worms (D:2 D:3)
  A dart slug (D:1)
  4 leopard geckos (D:1 D:2 D:3 D:5)
  6 orcs (D:3 D:4 D:5)
  3 giant cockroaches (D:3)
  7 goblins (D:1 D:2 D:3)
  7 hobgoblins (D:1 D:2 D:3)
  A quokka (D:2)
  2 ball pythons (D:3 D:4)
  7 bats (D:1 D:2)
  6 frilled lizards (D:1 D:2 D:4)
  6 kobolds (D:1 D:2 D:3)
  A leopard gecko skeleton (D:5)
  4 rats (D:1 D:2)
85 creatures vanquished.

Vanquished Creatures (collateral kills)
  A hungry ghost (D:4)
1 creature vanquished.

Grand Total: 86 creatures vanquished

Notes
Turn   | Place    | Note
-------+----------+-------------------------------------------
     0 | D:1      | MachJacob the Kobold Enchanter began the quest for the Orb.
     0 | D:1      | Reached XP level 1. HP: 10/10 MP: 3/3
   482 | D:1      | Reached XP level 2. HP: 15/15 MP: 3/5
   870 | D:1      | Learned a level 2 spell: Ensorcelled Hibernation
  1152 | D:1      | Reached XP level 3. HP: 19/19 MP: 6/6
  1168 | D:1      | Learned a level 3 spell: Tukima's Dance
  1738 | D:2      | Reached skill level 2 in Short Blades
  2022 | D:2      | Reached XP level 4. HP: 24/24 MP: 7/7
  2473 | D:2      | Reached skill level 1 in Ice Magic
  2837 | D:2      | You fall into a shaft and drop 1 floor!
  3486 | D:3      | Reached XP level 5. HP: 28/28 MP: 7/9
  3500 | D:3      | Found a bloodstained altar of Trog.
  3503 | D:3      | Found a glowing golden altar of the Shining One.
  3506 | D:3      | Found a white marble altar of Elyvilon.
  3752 | D:2      | Found a faded altar of an unknown god.
  3796 | D:2      | Noticed an ogre
  3865 | D:2      | Killed an ogre
  3865 | D:2      | Reached skill level 3 in Short Blades
  4061 | D:2      | Reached skill level 5 in Stealth
  4145 | D:3      | Reached XP level 6. HP: 27/32 MP: 10/10
  4578 | D:4      | Found a staircase to the Ecumenical Temple.
  4579 | D:4      | Noticed a hungry ghost
  5117 | Temple   | Entered the Ecumenical Temple
  5286 | Temple   | Became a worshipper of Yredelemnul the Dark
  5405 | D:4      | Found a hide-covered altar of Uskayaw.
  5592 | D:4      | Noticed Ijyb
  5663 | D:4      | Killed Ijyb
  5663 | D:4      | Reached XP level 7. HP: 36/36 MP: 8/11
  5920 | D:5      | Entered Level 5 of the Dungeon
  6057 | D:5      | Reached skill level 4 in Short Blades
  6113 | D:5      | Reached skill level 5 in Hexes
  6202 | D:5      | Reached skill level 5 in Short Blades
  6632 | D:5      | Reached skill level 6 in Short Blades
  6716 | D:5      | Found a hazy altar of Hepliaklqana.
  6897 | D:4      | Killed a hungry ghost
  6897 | D:4      | Reached XP level 8. HP: 14/41 MP: 10/12
  6932 | D:4      | Mangled by an ice beast

Levels and vault maps discovered:
D:1:      dpeg_arrival_water_temple_mockup, layout_basic
D:2:      layout_basic, first_ration, chequers_ecumenical_altar_lobes,
          minmay_misc_feat_columns
D:3:      layout_basic, grunt_temple_overflow_diamond, minmay_misc_feat_doors
D:4:      layout_basic, old_standard_altar, minmay_temple_entry_slanted,
          hangedman_decor_points, uniq_crazy_yiuf_cottage, uniq_ijyb
D:5:      layout_rooms, kennysheep_little_box, minmay_increasing_density
Temple:   nicolae_temple_hex_pool

Skill      XL: |  1  2  3  4  5  6  7 |
---------------+----------------------+-----
Short Blades   | 2 3 6 |  6.7
Ice Magic      | 1 2 3 |  3.0
Dodging        | 3 |  3.1
Stealth        | 5 |  5.0
Hexes          | 4 5 |  5.0
Spellcasting   | 3 |  3.0
Armour         | |  0.3
Shields        | |  0.8

Action                   |  1- 3 |  4- 6 |  7- 9 || total
-------------------------+-------+-------+-------++-------
Melee: Dagger            |   121 |   164 |   124 ||   409
Throw: Stone             |     5 |     6 |       ||    11
 Cast: Corona            |     4 |       |       ||     4
       Ensorcelled Hiber |     9 |    29 |     8 ||    46
Evoke: Wand              |       |       |     1 ||     1
  Use: Scroll            |     1 |     4 |     2 ||     7
 Stab: Sleeping          |    12 |    23 |    11 ||    46
  Eat: Chunk             |    11 |    13 |     9 ||    33
Armor: Robe              |    33 |    16 |       ||    49
       Leather armour    |       |     6 |    17 ||    23
Dodge: Dodged            |    95 |   104 |    77 ||   276

Table legend:
 A = Non-vault XP
 B = Vault XP
 C = Vault XP percentage of total XP
 D = Non-vault monster count
 E = Vault monster count
 F = Vault count percentage of total count
                 A         B        C        D         E       F
            +---------+---------+-------+---------+---------+-------
      Total |     868 |     186 |  17.6 |      80 |       6 |   7.0
            +---------+---------+-------+---------+---------+-------
        D:1 |      32 |       0 |   0.0 |      19 |       0 |   0.0
        D:2 |     200 |       0 |   0.0 |      21 |       0 |   0.0
        D:3 |      84 |       0 |   0.0 |      16 |       0 |   0.0
        D:4 |     328 |      36 |   9.9 |      14 |       1 |   6.7
        D:5 |     224 |     150 |  40.1 |      10 |       5 |  33.3
            +---------+---------+-------+---------+---------+-------
